 Dungeon Sprint DCSS version 0.15-a0-1619-g29500c9 (webtiles) character file.

116 PolkaDot the Carver (level 4, 0/41 HPs)
             Began as a Vampire Gladiator on June 20, 2014.
             Was a Follower of Qazlal.
             Splashed by a jelly's acid (13 damage)
             ... in the Dungeon (Sprint V: "Ziggurat Sprint").
             The game lasted 00:02:50 (170 turns).

PolkaDot the Carver (Vampire Gladiator)              Turns: 170, Time: 00:02:50

HP   0/41        AC -16    Str 14      XL: 4   Next: 70%
MP   4/4         EV 14     Int 10      God: Qazlal [*.....]
Gold 0           SH  2     Dex 26 (27) Spells:  0 memorised,  3 levels left

rFire  . . .     SeeInvis +     I - +7 Screaming Sword
rCold  . . .     Clarity  .     b - +0 leather armour
rNeg   + . .     rCorr    .     (no shield)
rPois  .         rRot     .     c - +0 helmet
rElec  .         Spirit   .     (no cloak)
SustAb .         Warding  .     (no gloves)
rMut   .         NoTele   +     (no boots)
Gourm  .                        (no amulet)
MR     .....                    z - +6 ring of dexterity
                                y - +6 ring of dexterity

@: corroded equipment, not resistant to hostile enchantments, unstealthy
A: fangs 3, see invisible, unbreathing
a: Bat Form, Renounce Religion


You were in the Dungeon.
You worshipped Qazlal.
Qazlal was aware of your devotion.
You were not thirsty.

You visited 1 branch

Inventory:

Hand weapons
 I - the +7 Screaming Sword (weapon)
   (You found it in the Dungeon)
 J - the +0 Sword of Power
   (You found it in the Dungeon)
Missiles
 d - 3 throwing nets (quivered)
Armour
 b - a +0 leather armour (worn)
 c - a +0 helmet (worn)
Magical devices
 E - a wand of disintegration (7)
 F - a wand of fire (5)
 G - a wand of cold (5)
 H - a wand of draining (5)
Scrolls
 k - 4 scrolls of blinking
 s - 4 scrolls of amnesia
 t - 3 scrolls of recharging
 u - 7 scrolls of fog
 v - 5 scrolls of identify
 w - 5 scrolls of remove curse
 x - 2 scrolls of fear
Jewellery
 y - a +6 ring of dexterity (left hand)
 z - a +6 ring of dexterity (right hand)
 A - a +6 ring of intelligence
 B - a +6 ring of intelligence
 C - a +6 ring of strength
 D - a +6 ring of strength
Potions
 e - a potion of blood {@w2}
 f - 10 potions of curing
 g - 9 potions of heal wounds
 h - 6 potions of haste
 i - 7 potions of magic
 j - 3 potions of berserk rage
 l - 2 potions of brilliance
 m - 2 potions of invisibility
 n - 2 potions of restore abilities
 o - 4 potions of resistance
 q - 5 potions of agility
 r - 5 potions of might


   Skills:
 + Level 6.5 Fighting
 + Level 8.7 Long Blades
 - Level 1.5 Throwing
 - Level 3.2 Dodging


You had 3 spell levels left.
You didn't know any spells.

Dungeon Overview and Level Annotations

Branches:
Dungeon (1/1)

Altars:
Ashenzari
Cheibriados
Dithmenos
Elyvilon
Fedhas
Gozag
Kikubaaqudgha
Makhleb
Nemelex Xobeh
Okawaru
Qazlal
Sif Muna
Trog
Vehumet
Xom
Yredelemnul
Zin
The Shining One
Beogh
Jiyva
Lugonu


Innate Abilities, Weirdness & Mutations

You have razor-sharp teeth.*
You have supernaturally acute eyesight.
You can survive without breathing.*


Message History

The jelly is moderately wounded.
The Screaming Sword lets out a series of bird calls.
The jelly misses you.
You hit the jelly.
The jelly is moderately wounded.
The Screaming Sword screams deafeningly.
The jelly closely misses you. x2
You slash the jelly! The acid corrodes your equipment!
You bite the jelly.
The jelly is almost dead.
The jelly hits you.
You are splashed with acid!
The acid burns!
The jelly barely misses you.
You slice the jelly!!
You kill the jelly!
Qazlal accepts your kill.
Your Fighting skill increases to level 6!
The jelly closely misses you.
You slash the jelly! The acid corrodes your equipment!
The jelly is almost dead.
The jelly hits you.
You are splashed with acid!
The acid burns!
You die...

▓▓▓▓▓▓▓▓▓▓▓▓▓
▓.8©8.▓.8©8.▓
▓.....▓.....▓
▓.....▓.[.).▓
▓.....▓.....▓
▓.....▓.....▓
▓...J.▓.....▓
▓..@..▓▓▓▓▓▓▓
▓▓▓▓▓▓▓


You could see a jelly.

Vanquished Creatures
  2 jellies (D)
  A quasit (D)
  A shadow imp (D)
4 creatures vanquished.

Vanquished Creatures (others)
  A spatial maelstrom (D)
1 creature vanquished.

Grand Total: 5 creatures vanquished

Notes
Turn   | Place    | Note
--------------------------------------------------------------
     0 | D        | PolkaDot, the Vampire Gladiator, began the quest for the Orb.
     0 | D        | Reached XP level 1. HP: 16/16 MP: 1/1
     0 | D        | Found an ancient bone altar of Kikubaaqudgha.
     0 | D        | Banished a spatial maelstrom
     1 | D        | Found a basalt altar of Yredelemnul.
     1 | D        | Found an iron altar of Okawaru.
     2 | D        | Found a radiant altar of Vehumet.
     2 | D        | Found a shimmering altar of Xom.
     4 | D        | Found a burning altar of Makhleb.
    13 | D        | Found a roughly hewn altar of Beogh.
    13 | D        | Found a corrupted altar of Lugonu.
    14 | D        | Found a white marble altar of Elyvilon.
    17 | D        | Found a sparkling altar of Nemelex Xobeh.
    17 | D        | Found a deep blue altar of Sif Muna.
    20 | D        | Found a bloodstained altar of Trog.
    42 | D        | Became a worshipper of Qazlal Stormbringer
    59 | D        | Reached skill level 4 in Fighting
    59 | D        | Reached skill level 6 in Long Blades
    59 | D        | Reached XP level 2. HP: 21/25 MP: 2/2
   109 | D        | Entered arena 1.
   109 | D        | Noticed a quasit
   113 | D        | Killed a quasit
   113 | D        | Reached skill level 7 in Long Blades
   113 | D        | Reached XP level 3. HP: 28/32 MP: 3/3
   115 | D        | Reached skill level 5 in Fighting
   158 | D        | Entered arena 2.
   158 | D        | Noticed a jelly
   158 | D        | Noticed a jelly
   158 | D        | Noticed a jelly
   162 | D        | Killed a jelly
   162 | D        | Acquired Qazlal's first power
   162 | D        | Reached skill level 8 in Long Blades
   162 | D        | Reached XP level 4. HP: 14/40 MP: 4/4
   169 | D        | Killed a jelly
   170 | D        | Splashed by a jelly's acid

Action                   |  1- 3 |  4- 6 || total
-------------------------+-------+-------++-------
Melee: Bastard sword     |     8 |     5 ||    13
  Use: Potion            |     1 |     1 ||     2
